 Dungeon Crawl Stone Soup version 0.28.0-45-g0d030f2227 (webtiles) character file.

Game seed: 16930222944334528285

161 Zeor the Twirler (level 5, -3/28 HPs)
             Began as a Gargoyle Gladiator on Apr 5, 2022.
             Slain by Grinder (6 damage)
             ... on level 3 of the Dungeon.
             The game lasted 00:08:30 (3400 turns).

Zeor the Twirler (Gargoyle Gladiator)               Turns: 3400, Time: 00:08:30

Health: -3/28      AC:  8    Str: 20      XL:     5   Next: 42%
Magic:  5/5        EV: 12    Int:  9 (10) God:
Gold:   113        SH:  0    Dex: 11      Spells: 4/4 levels left

rFire   . . .      SeeInvis +   a - +0 quarterstaff
rCold   . . .      Faith    .   (shield currently unavailable)
rNeg    + . .      Spirit   .   b - +0 leather armour
rPois   ∞          Reflect  .   c - +0 helmet
rElec   +          Harm     .   (no cloak)
rCorr   .          Rampage  .   (no gloves)
Will    +....                   (no boots)
Stlth   +.........              (no amulet)
HPRegen 0.09/turn               j - ring of see invisible
MPRegen 0.09/turn               (no ring)

@: no status effects
A: sickness immunity, AC +4, negative energy resistance 1, electricity
resistance, torment resistance 1, petrification resistance, clever 1, frail 1,
strong-willed 1
a: no special abilities


You were on level 3 of the Dungeon.
You visited 1 branch of the dungeon, and saw 3 of its levels.

You collected 113 gold pieces.

Inventory:

Hand Weapons
 a - a +0 quarterstaff (weapon)
 h - a +0 hunting sling
Missiles
 d - 3 throwing nets (quivered)
Armour
 b - a +0 leather armour (worn)
 c - a +0 helmet (worn)
Jewellery
 g - a ring of wizardry
 i - a ring of protection from cold
 j - a ring of see invisible (left hand)
Potions
 e - a potion of cancellation


   Skills:
 + Level 3.0 Fighting
 * Level 5.0 Staves
 + Level 2.0 Throwing
 + Level 1.3 Armour
 + Level 2.7 Dodging
 + Level 0.1 Stealth


You had 4 spell levels left.
You didn't know any spells.
Your spell library was empty.

Dungeon Overview and Level Annotations

Branches:
Dungeon (3/15)

Altars:

Annotations:
D:3 Grinder


Innate Abilities, Weirdness & Mutations

You are immune to sickness and miasma.
Your stone body is resilient. (AC +4)
You are immune to poison.
You resist negative energy. (rN+)
You are resistant to electric shocks. (rElec)
You are resistant to unholy torment.
You are immune to petrification.
Your mind is acute. (Int +2)
You are frail. (-10% HP)
You are strong-willed. (Will+)


Message History

Grinder gestures at you. Pain shoots through your body!
You barely miss Grinder.
Grinder is lightly wounded.
Grinder misses you.
You barely miss Grinder.
Grinder is lightly wounded.
Grinder gestures at you. Pain shoots through your body!
You sock Grinder!
Grinder is moderately wounded.
Grinder hits you but does no damage.
You barely miss Grinder.
Grinder is moderately wounded.
Grinder hits you!
You writhe in agony.
You completely miss Grinder.
Grinder is moderately wounded.
Grinder gestures at you. You resist with almost no effort.
You hit Grinder.
Grinder is moderately wounded.
Grinder blinks!
Grinder gestures at you. Pain shoots through your body!
Grinder gestures at you. Pain shoots through your body!
* * * LOW HITPOINT WARNING * * *
You hit Grinder.
Grinder is moderately wounded.
Grinder gestures at you. Pain shoots through your body!
* * * LOW HITPOINT WARNING * * *
You sock Grinder!
Grinder is heavily wounded.
Grinder gestures at you. You resist with some effort.
You sock Grinder!
Grinder is severely wounded.
Grinder hits you.
You die...

▒∙▒ ▒∙∙ ▒∙∙
∙▒▒▒▒▒▒▒▒▒▒
∙∙∙∙∙∙∙<∙5▒▒▒▒▒▒▒
∙▒▒▒▒▒▒▒▒∙9∙∙∙∙∙▒
▒▒▒▒▒∙▒▒▒ ∙▒ ▒▒


You could see Grinder.

Vanquished Creatures
  Jessica (D:2)
  3 adders (D:2)
  3 gnolls (D:2)
  2 dart slugs (D:1)
  4 ball pythons
  7 endoplasms
  8 giant cockroaches
  2 hobgoblins
  2 jackals (D:1)
  9 kobolds
  2 quokkas
  6 bats
  7 frilled lizards
  8 goblins
  5 rats
69 creatures vanquished.

Vanquished Creatures (others)
  7 plants (D:1)
7 creatures vanquished.

Grand Total: 76 creatures vanquished

Notes
Turn   | Place    | Note
-------+----------+-------------------------------------------
     0 | D:1      | Zeor the Gargoyle Gladiator began the quest for the Orb.
     0 | D:1      | Reached XP level 1. HP: 12/12 MP: 1/1
   283 | D:1      | Reached XP level 2. HP: 18/18 MP: 2/2
   477 | D:1      | Reached XP level 3. HP: 21/22 MP: 3/3
  1011 | D:1      | Found a faded altar of an unknown god.
  1608 | D:2      | Noticed Jessica
  1634 | D:2      | Killed Jessica
  1635 | D:2      | Reached skill level 4 in Staves
  1635 | D:2      | Reached XP level 4. HP: 7/27 MP: 4/4
  1869 | D:2      | Reached skill level 1 in Armour
  2131 | D:2      | Reached XP level 5. HP: 15/32 MP: 5/5
  3215 | D:2      | Reached skill level 5 in Staves
  3277 | D:3      | Noticed Grinder
  3325 | D:3      | Noticed a black bear
  3378 | D:3      | Paralysed by Grinder for 2 turns
  3382 | D:3      | Gained mutation: Your mind is acute. (Int +2) [potion of
                  | mutation]
  3382 | D:3      | Gained mutation: You are frail. (-10% HP) [potion of
                  | mutation]
  3382 | D:3      | Gained mutation: You are strong-willed. (Will+) [potion of
                  | mutation]
  3400 | D:3      | Slain by Grinder

Illustrated notes

Levels and vault maps discovered:
D:1:      arrival_zaba_pyramid, layout_basic, basic_ecumenical_altar,
          serial_bayou, serial_bayou_pond_a, serial_bayou_crossing,
          serial_bayou_pond_b, serial_bayou_ford_a, minmay_misc_feat_room,
          dk_noncrumbling_4, roderic_lattice_a, minmay_misc_feat_ornament
D:2:      minmay_razor_zed, layout_basic, uniq_jessica
D:3:      layout_rooms, overflow_temple_1_default, minmay_fountain_box,
          uniq_grinder

Skill      XL: |  1  2  3  4  5 |
---------------+----------------+-----
Throwing       | 2 |  2.0
Staves         | 4 5 |  5.0
Armour         | 1 |  1.3
Fighting       | 3 |  3.0
Dodging        | |  2.7
Stealth        | |  0.1

Action                   |  1- 3 |  4- 6 || total
-------------------------+-------+-------++-------
Melee: Quarterstaff      |   103 |   120 ||   223
  Use: Scroll            |     5 |     2 ||     7
       Potion            |     1 |     2 ||     3
Armor: Leather armour    |    27 |    50 ||    77
Dodge: Dodged            |    53 |    58 ||   111
